 Dungeon Crawl Stone Soup version 0.23.1 (webtiles) character file.

Game seed: 0

345 Gargoyl the Skirmisher (level 6, -4/51 (52) HPs)
             Began as a Centaur Abyssal Knight on Mar 11, 2019.
             Was a Believer of Lugonu.
             Slain by a wight
             ... wielding a +3 dire flail of freezing
              (5 damage)
             ... in a sewer.
             The game lasted 00:07:30 (2038 turns).

Gargoyl the Skirmisher (Centaur Abyssal Knight)     Turns: 2038, Time: 00:07:31

HP:   -4/51 (52)    AC: 11    Str: 15    XL:     6   Next: 32%
MP:   8/8           EV:  2    Int: 11    God:    Lugonu [**....]
Gold: 111           SH:  0    Dex: 10    Spells: 5/5 levels left

rFire    + . .     SeeInvis .   g - +0 whip (curse)
rCold    . . .     Gourm    .   (no shield)
rNeg     . . .     Faith    .   h - +1 plate armour
rPois    +         Spirit   .   (no helmet)
rElec    +         Reflect  .   n - +0 cloak (curse)
rCorr    .         Harm     .   (no gloves)
MR       .....                  (no barding)
Stlth    ..........             e - amulet of regeneration
HPRegen  0.57/turn              d - ring "Jukkeph" {rElec rPois rF+ MR-}
MPRegen  0.11/turn              (no ring)

@: lightly drained, very quick
A: large, hooves 3, deformed body, speed 2, tough skin 3
a: Depart the Abyss, Bend Space, Renounce Religion


You were in a sewer.
You worshipped Lugonu.
Lugonu was pleased with you.
You were very hungry.

You visited 1 branch of the dungeon, and saw 4 of its levels.
You visited the Abyss 1 time.
You also visited: Sewer.

You collected 111 gold pieces.

Inventory:

Hand Weapons
 a - a +1 hand axe
 g - a cursed +0 whip (weapon)
 m - a +0 war axe
Armour
 h - a +1 plate armour (worn)
 n - a cursed +0 cloak (worn)
Jewellery
 d - the ring "Jukkeph" (left hand) {rElec rPois rF+ MR-}
   (You found it on level 2 of the Abyss)

   [ring of poison resistance]

   It protects you from fire.
   It insulates you from electricity.
   It protects you from poison.
   It affects your resistance to hostile enchantments.
 e - an amulet of regeneration (around neck)
Wands
 l - a wand of iceblast (3)
Scrolls
 b - 2 scrolls of identify
Potions
 f - 2 potions of curing
 j - a potion of ambrosia
Comestibles
 c - 4 rations


   Skills:
 + Level 3.7(3.5) Fighting
 + Level 2.1(2.2) Axes
 + Level 1.8(2.1) Maces & Flails
 * Level 3.4(3.2) Armour
 * Level 1.7(1.4) Dodging
 * Level 3.0(2.8) Invocations
 + Level 0.2(0.0) Evocations


You had 5 spell levels left.
You didn't know any spells.
Your spell library was empty.

Dungeon Overview and Level Annotations

Branches:
Dungeon (5/15)
 Temple: D:4-7

Altars:

Annotations:
D:4 Eustachio


Innate Abilities, Weirdness & Mutations

You have hooves in place of feet.
Armour fits poorly on your strangely shaped body.
You cover ground very quickly.
You have extremely tough skin. (AC +3)


Message History

Your plate armour prevents you from hitting the kobold.
The kobold is moderately wounded.
The kobold hits you but does no damage.
The wight hits you with a +3 dire flail of freezing.
You feel drained. The wight freezes you.
The kobold hits you but does no damage.
You hit the kobold. Your kick misses the kobold.
The kobold is severely wounded.
The kobold hits you but does no damage.
The wight hits you with a +3 dire flail of freezing!
The wight freezes you.
* * * LOW HITPOINT WARNING * * *
The kobold hits you but does no damage.
You hit the kobold.
You kill the kobold!
Lugonu accepts your kill.
The wight hits you with a +3 dire flail of freezing!
* * * LOW HITPOINT WARNING * * *
The wight freezes you.
You die...

..+ ⌠.' ...' ... ..#
#########'############
#≈≈≈≈≈≈#...#≈≈≈≈≈≈#≈≈≈
#)≈≈K≈≈).....≈≈.≈≈.≈.≈
#(())@z#...#.....)#≈≈≈
#+#######≈#######'#≈≈≈
#......#≈≈≈#......#.≈≈
#≈.≈...#≈≈≈#..≈≈≈≈#≈≈≈
#≈≈≈≈≈...≈...≈≈≈≈≈#≈≈≈
#≈≈≈≈≈≈#...#≈≈≈≈≈≈#≈≈≈
#≈≈≈≈≈≈#...≈≈≈≈≈≈≈#≈≈≈
#≈≈≈≈≈≈#...#≈≈≈≈≈≈#≈≈≈
#≈≈≈≈≈≈≈...#≈≈≈≈≈≈#


You could see a wight and a kobold.

Vanquished Creatures
  A necrophage (Sewer)
  A big kobold (Sewer)
  Crazy Yiuf (D:4)
  2 orc wizards (D:4)
  3 adders
  2 shadow imps (Sewer)
  2 ufetubi (Sewer)
  5 leopard geckos
  3 orcs (D:4)
  A ball python (Sewer)
  4 bats
  2 bat zombies (Sewer)
  6 giant cockroaches
  2 goblins
  3 hobgoblins (D:1)
  3 jackals (D:2)
  2 frilled lizards
  A jackal skeleton (D:4)
  16 kobolds
  A kobold zombie (Sewer)
  A rat (D:1)
62 creatures vanquished.

Notes
Turn   | Place    | Note
-------+----------+-------------------------------------------
     0 | Abyss:1  | Gargoyl the Centaur Abyssal Knight began the quest for the
                  | Orb.
     0 | Abyss:1  | Reached XP level 1. HP: 19/19 MP: 2/2
    52 | Abyss:1  | Noticed a starcursed mass
    54 | Abyss:1  | Noticed an orange demon
    77 | Abyss:1  | Noticed an ancient zyme
    86 | Abyss:1  | Noticed a chaos spawn
   102 | Abyss:1  | Noticed a large abomination
   106 | Abyss:1  | Noticed a large abomination
   152 | Abyss:2  | Noticed an ancient zyme
   152 | Abyss:2  | Noticed a sky beast
   176 | Abyss:2  | Noticed an ancient zyme
   202 | Abyss:2  | Noticed a small abomination
   205 | Abyss:2  | Noticed a wretched star
   206 | Abyss:2  | Noticed a small abomination
   216 | Abyss:2  | Noticed a small abomination
   224 | Abyss:2  | Noticed an orb spider
   230 | Abyss:2  | Noticed a large abomination
   235 | Abyss:2  | Noticed a ynoxinul
   256 | Abyss:2  | Got a faintly glowing copper ring
   257 | D:1      | Escaped the Abyss
   258 | D:1      | Identified the ring "Jukkeph" {rElec rPois rF+ MR-} (You
                  | found it on level 2 of the Abyss)
   580 | D:1      | Reached XP level 2. HP: 16/26 MP: 3/3
   667 | D:1      | Reached * piety under Lugonu
  1249 | D:2      | Reached skill level 1 in Dodging
  1259 | D:2      | Reached XP level 3. HP: 29/31 MP: 4/4
  1341 | D:2      | You fall through a shaft for 2 floors!
  1431 | D:4      | Found a runed translucent door.
  1432 | D:4      | Noticed Crazy Yiuf
  1443 | D:4      | Killed Crazy Yiuf
  1443 | D:4      | Reached XP level 4. HP: 38/38 MP: 5/5
  1527 | D:4      | Noticed Eustachio
  1616 | D:4      | Reached skill level 1 in Maces & Flails
  1633 | D:5      | Entered Level 5 of the Dungeon
  1707 | D:5      | Reached XP level 5. HP: 45/45 MP: 7/7
  1713 | D:5      | Found a glowing drain.
  1746 | Sewer    | Entered a sewer
  1849 | Sewer    | Reached ** piety under Lugonu
  1971 | Sewer    | Noticed a necrophage
  2017 | Sewer    | Killed a necrophage
  2017 | Sewer    | Reached XP level 6. HP: 33/51 MP: 8/8
  2038 | Sewer    | HP: 1/51 [wight/+3 dire flail of freezing (10)]
  2038 | Sewer    | Slain by a wight

Skill      XL: |  1  2  3  4  5 |
---------------+----------------+-----
Axes           | 2 |  2.1
Dodging        | 1 |  1.7
Armour         | 2 3 |  3.4
Maces & Flails | 1 |  1.8
Invocations    | 3 |  3.0
Fighting       | |  3.7
Evocations     | |  0.2

Action                   |  1- 3 |  4- 6 || total
-------------------------+-------+-------++-------
Melee: Hand axe          |    19 |       ||    19
       Whip              |    70 |   209 ||   279
       Kick              |    10 |    29 ||    39
Invok: Depart the Abyss  |     1 |       ||     1
Evoke: Wand              |     1 |     6 ||     7
  Use: Scroll            |     8 |     2 ||    10
       Potion            |     1 |     1 ||     2
  Eat: Chunk             |     1 |     1 ||     2
Armor: Leather armour    |    22 |       ||    22
       Scale mail        |    20 |       ||    20
       Plate armour      |    17 |   371 ||   388
Dodge: Dodged            |    54 |    56 ||   110
